 Dungeon Crawl Stone Soup version 0.28-a0-503-g83f2989fac (webtiles) character file.

Game seed: 6225281290790157589

27 varam the Stinger (level 3, -1/21 HPs)
             Began as an Octopode Venom Mage on Sept 20, 2021.
             Slain by an adder (2 damage)
             ... on level 2 of the Dungeon.
             The game lasted 00:06:21 (1336 turns).

varam the Stinger (Octopode Venom Mage)             Turns: 1336, Time: 00:06:21

Health: -1/21      AC:  1    Str:  7    XL:     3   Next: 10%
Magic:  6/6        EV: 13    Int: 18    God:
Gold:   58         SH:  0    Dex: 12    Spells: 5/6 levels left

rFire   . . .      SeeInvis .   a - +1 mace (vorpal)
rCold   . . .      Faith    .   (no shield)
rNeg    . . .      Spirit   .   (helmet restricted)
rPois   .          Reflect  .   (no amulet)
rElec   .          Harm     .   (no ring)
rCorr   .          Rampage  .   (no ring)
Will    .....                   (no ring)
Stlth   ++++......              (no ring)
HPRegen 0.07/turn               (no ring)
MPRegen 0.10/turn               (no ring)
                                (no ring)
                                (no ring)

@: no status effects
A: almost no armour, amphibious, 8 rings, camouflage 1, gelatinous body 1,
nimble swimmer 1, tentacles
a: no special abilities


You were on level 2 of the Dungeon.
You visited 1 branch of the dungeon, and saw 2 of its levels.

You collected 58 gold pieces.

Inventory:

Hand Weapons
 a - a +1 vorpal mace (weapon)
   (You found it on level 1 of the Dungeon)
 f - a +1 short sword of speed
   (You took it off a kobold on level 1 of the Dungeon)
Armour
 h - a +0 buckler
   (You found it on level 2 of the Dungeon)
Scrolls
 b - a scroll of identify {unknown}
 d - 3 scrolls of blinking {unknown}
 e - a scroll of magic mapping {unknown}
 g - a scroll of teleportation {unknown}
Potions
 c - a potion of curing {unknown}


   Skills:
 - Level 2.0 Dodging
 + Level 3.4 Stealth
 + Level 2.3 Spellcasting
 + Level 1.6 Transmutations
 + Level 4.0 Poison Magic


You had 5 spell levels left.
You knew the following spells:

 Your Spells              Type           Power      Damage    Failure   Level
a - Sting                 Tmut/Pois      48%        1d5       5%          1

Your spell library contained the following spells:

 Spells                   Type           Power      Damage    Failure   Level
 Poisonous Vapours        Pois/Air       18%        N/A       12%         2
 Animate Skeleton         Necr           4%         N/A       17%         1
 Apportation              Tloc           4%         N/A       17%         1
 Summon Small Mammal      Summ           8%         N/A       17%         1
 Slow                     Hex            2%         N/A       26%         2
 Mephitic Cloud           Conj/Pois/Air  6%         N/A       30%         3
 Olgreb's Toxic Radiance  Pois           16%        N/A       32%         4
 Confusing Touch          Hex            2%         N/A       45%         3
 Vampiric Draining        Necr           1%         2d6       45%         3


Dungeon Overview and Level Annotations

Branches:
Dungeon (2/15)

Altars:


Innate Abilities, Weirdness & Mutations

You cannot wear most types of armour.
You are amphibious.
You can wear up to eight rings at the same time.
Your skin changes colour to match your surroundings (Stealth+).
Your rubbery body absorbs attacks. (AC +1, EV +1)
You are camouflaged near water. (Stealth+)
You have tentacles for arms and can constrict up to eight enemies at once.


Message History

You kill the hobgoblin!
Found an escape hatch in the ceiling.
Found a buckler.
There is an escape hatch in the ceiling here.
You see here a +0 buckler.
h - a +0 buckler
a - a +1 vorpal mace (weapon)
Found a stone staircase leading down.
There is a stone staircase leading down here.
A bat comes into view.
A bat is nearby!
Found 17 gold pieces.
An adder comes into view.
Found a pearl ring.
The adder hisses angrily.
The bat hits you. The bat hits you. The bat closely misses you.
The adder misses you.
You miss the adder. You grab the adder. You squeeze the adder.
The adder is moderately wounded.
You constrict the adder. The bat hits you but does no damage.
The adder closely misses you. The adder bites you. The bat misses you.
You hit the adder but do no damage.
The adder is heavily wounded.
You constrict the adder. The bat hits you but does no damage.
The bat barely misses you. The adder bites you.
You are poisoned.
The adder poisons you! The bat hits you but does no damage.
You release your grip on the adder.
You feel sick. The bat hits you. The adder bites you.
The bat closely misses you.
You feel sick. The bat closely misses you. The adder bites you.
* * * LOW HITPOINT WARNING * * *
You feel sick.
You feel sick. The adder barely misses you.
You are too injured to fight recklessly!
You feel sick.
You are no longer poisoned.
The bat hits you.
* * * LOW HITPOINT WARNING * * *
The adder bites you.
You die...

##.#....##≈≈≈ ...
........#≈≈≈##..
..........≈.≈≈≈≈≈≈.#
....##....P≈≈≈≈≈P≈.#
..........≈≈≈≈P.≈..#
#....≈...≈≈≈≈≈≈≈....
..≈≈≈.≈≈≈≈≈≈≈.......
..≈.≈≈≈P≈≈≈≈≈≈.......
≈PPP≈≈≈≈@Sb≈P.$......
≈≈≈≈≈≈≈≈P≈PP.≈.......
≈≈≈≈≈≈≈≈≈≈≈≈.........
≈≈≈≈PP≈≈≈≈≈........=.
#.
≈≈≈≈≈..≈.≈...........
#.
≈≈PP.................
#.
....#..#............
##.
....#..#.........###
#.. # ##>........###
#..


You could see an adder and a bat.

Vanquished Creatures
  A worm (D:2)
  A dart slug (D:1)
  5 bats
  3 endoplasms (D:1)
  A giant cockroach (D:1)
  3 hobgoblins
  2 kobolds (D:1)
  A frilled lizard (D:1)
  A goblin (D:1)
  3 rats (D:1)
21 creatures vanquished.

Vanquished Creatures (others)
  A plant (D:2)
1 creature vanquished.

Grand Total: 22 creatures vanquished

Notes
Turn   | Place    | Note
-------+----------+-------------------------------------------
     0 | D:1      | varam the Octopode Venom Mage began the quest for the Orb.
     0 | D:1      | Reached XP level 1. HP: 11/11 MP: 3/3
    99 | D:1      | Reached XP level 2. HP: 6/17 MP: 3/5
  1071 | D:2      | Reached skill level 4 in Poison Magic
  1071 | D:2      | Reached XP level 3. HP: 8/21 MP: 1/6
  1336 | D:2      | HP: 1/21 [bat (1)]
  1336 | D:2      | Slain by an adder

Illustrated notes

Levels and vault maps discovered:
D:1:      matt_arrival_los_fun, layout_rooms, amcnicky_mini_pool_small,
          hangedman_decor_opposing
D:2:      layout_basic, shapermc_ecumenical_altar_ellora, minivault_26,
          chequers_big_river, lemuel_flame_loot_1

Skill      XL: |  1  2 |
---------------+-------+-----
Stealth        | 3 |  3.4
Poison Magic   | 4 |  4.0
Dodging        | |  2.0
Spellcasting   | |  2.3
Transmutations | |  1.6

Action                   || total
-------------------------++-------
Melee: Mace              ||    24
       Constrict         ||    11
       Unarmed           ||     2
       Tentacles         ||     6
       Short sword       ||    11
 Cast: Sting             ||     8
 Stab: Sleeping          ||     8
Armor: Skin              ||     4
Dodge: Dodged            ||    26

Table legend: (Time is in decaauts)
 A = Elapsed time spent in this place.
 B = Non-inter-level travel time spent in this place.
 C = Inter-level travel time spent in this place.
 D = Time resting spent in this place.
 E = Time spent auto-exploring this place.
 F = Levels seen in this place.
 G = Mean time per level.
                   A        B        C        D        E       F      G
               +--------+--------+--------+--------+--------+-----+--------+
         Total |   1341 |   1321 |     20 |    393 |    579 |   2 |  670.5 |
       Dungeon |   1341 |   1321 |     20 |    393 |    579 |   2 |  670.5 |
               +--------+--------+--------+--------+--------+-----+--------+

Top non-repeatable levels by time:
     D:1: 1041 daAuts
     D:2: 299 daAuts
